 Dungeon Crawl Stone Soup version 0.31-a0-16-g6d2539766c (webtiles) character file.

Game seed: 7414767115437139554

20 subawu the Slasher (level 2, -1/22 (26) HPs)
             Began as a Gnoll Reaver on May 8, 2023.
             Slain by a goblin
             ... wielding a +0 dagger
              (4 damage)
             ... on level 2 of the Dungeon.
             The game lasted 00:09:52 (1514 turns).

subawu the Slasher (Gnoll Reaver)                   Turns: 1514, Time: 00:09:52

HP:   -1/22 (26)    AC:  0    Str: 11    XL:     2   Next: 79%
MP:   7/7           EV: 13    Int: 12    God:
Gold: 45            SH:  5    Dex: 10    Spells: 9/10 levels left

rFire   . . .        h - +1 sling
rCold   . . .        (no shield)
rNeg    . . .        (no body armour)
rPois   .            (no helmet)
rElec   .            (no cloak)
rCorr   .            (no gloves)
SInv    .            (no boots)
Will    .....        j - amulet of reflection
Stlth   +            (no ring)
HPRegen 0.23/turn    (no ring)
MPRegen 0.10/turn

%: reflection
@: heavily drained
A: fangs 1, strong nose, distributed training
a: no special abilities


You were on level 2 of the Dungeon.
You visited 1 branch of the dungeon, and saw 2 of its levels.

You collected 45 gold pieces.

Inventory:

Hand Weapons
 a - a +0 falchion
 h - a +1 sling (weapon)
Missiles
 f - 3 stones
Armour
 b - a +0 leather armour
 c - a +0 ring mail
Magical Staves
 e - a staff of poison
Jewellery
 j - an amulet of reflection (around neck)
Potions
 d - a potion of mutation {unknown}
 g - a potion of heal wounds {unknown}


   Skills:
 + Level 4.5 Fighting
 + Level 0.5 Short Blades
 + Level 6.5 Long Blades
 + Level 0.5 Axes
 + Level 0.5 Maces & Flails
 + Level 0.5 Polearms
 + Level 0.5 Staves
 + Level 0.5 Ranged Weapons
 + Level 0.5 Throwing
 + Level 0.5 Armour
 + Level 4.5 Dodging
 + Level 0.5 Stealth
 + Level 0.5 Shields
 + Level 0.5 Unarmed Combat
 + Level 4.9 Spellcasting
 + Level 5.4 Conjurations
 + Level 0.4 Hexes
 + Level 0.4 Summonings
 + Level 0.4 Necromancy
 + Level 0.4 Translocations
 + Level 0.4 Transmutations
 + Level 0.4 Fire Magic
 + Level 0.4 Ice Magic
 + Level 0.4 Air Magic
 + Level 0.4 Earth Magic
 + Level 0.4 Poison Magic
 + Level 0.7 Invocations
 + Level 0.5 Evocations


You had 9 spell levels left.
You knew the following spells:

 Your Spells              Type           Power      Damage    Failure   Level
a - Kiss of Death         Conj/Necr      36%        2d8       6%          1

Your spell library contained the following spells:

 Spells                   Type           Power      Damage    Failure   Level
 Momentum Strike          Conj/Tloc      18%        3d8       10%         2
 Hailstorm                Conj/Ice       9%         3d4       19%         3


Dungeon Overview and Level Annotations

Branches:
Dungeon (2/15)

Altars:

Shops:
D:1 [


Innate Abilities, Weirdness & Mutations

You have very sharp teeth.
Your uncanny sense of smell can sniff out nearby items.
Your experience applies equally to all skills.


Message History

A dart slug comes into view.
You shoot a sling bullet.
The sling bullet barely misses the goblin.
The sling bullet hits the dart slug.
The dart slug is heavily wounded.
The goblin misses you.
You shoot a sling bullet.
The sling bullet closely misses the goblin.
The sling bullet hits the kobold.
You kill the kobold!
You block the goblin's attack.
You shoot a sling bullet.
The sling bullet closely misses the goblin.
The sling bullet barely misses the dart slug.
You block the goblin's attack. The frilled lizard barely misses you.
You block the goblin's attack.
You shoot a sling bullet.
The sling bullet closely misses the goblin.
The sling bullet hits the dart slug.
The dart slug is almost dead.
The frilled lizard bites you. The hobgoblin hits you.
The goblin hits you with a +0 dagger.
You shoot a sling bullet.
The sling bullet closely misses the goblin.
The sling bullet hits the dart slug!
You kill the dart slug!
The frilled lizard bites you. You block the hobgoblin's attack.
You block the goblin's attack.
You shoot a sling bullet.
The sling bullet closely misses the goblin.
The frilled lizard closely misses you. The hobgoblin hits you.
You block the goblin's attack. The goblin barely misses you.
The hobgoblin hits you. The frilled lizard misses you.
You shoot a sling bullet.
The sling bullet barely misses the goblin.
You block the frilled lizard's attack. The hobgoblin hits you.
* * * LOW HITPOINT WARNING * * *
The goblin barely misses you. The goblin attacks as you move away!
The goblin hits you with a +0 dagger.
You die...

#.#######.#
#.......#.#
#.........#
#.#####.###
#..# ##.# #
#.#####.###
#.#........
#.'@g..)...
###lg......
#........
#........
#........
#........
#........
#........


You could see a hobgoblin, a goblin and a frilled lizard.

Vanquished Creatures
  A dart slug (D:2)
  3 endoplasms (D:1)
  A hobgoblin (D:1)
  2 jackals (D:1)
  A quokka (D:1)
  A bat (D:1)
  2 frilled lizards (D:1)
  4 goblins (D:1)
  A kobold (D:2)
16 creatures vanquished.

Notes
Turn   | Place    | Note
-------+----------+-------------------------------------------
     0 | D:1      | subawu the Gnoll Reaver began the quest for the Orb.
     0 | D:1      | Reached XP level 1. HP: 20/20 MP: 6/6
   340 | D:1      | Reached XP level 2. HP: 21/23 MP: 7/7
   834 | D:1      | Found Gaokhal's Armour Boutique.
  1514 | D:2      | Slain by a goblin

Illustrated notes

Levels and vault maps discovered:
D:1:      noname_arrival_rooms_in_the_neighbourhood, layout_loops_ring,
          serial_shops, shop
D:2:      layout_basic, roderic_serpentine_path

Action                     || total
---------------------------++-------
  Melee: Falchion          ||    33
         Bite              ||     4
   Fire: Sling             ||    13
   Cast: Kiss of Death     ||     2
    Use: Scroll            ||     3
 Armour: Leather armour    ||     2
  Dodge: Dodged            ||    56
  Block: Other             ||     8

Table legend: (Time is in decaauts)
 A = Elapsed time spent in this place.
 B = Non-inter-level travel time spent in this place.
 C = Inter-level travel time spent in this place.
 D = Time resting spent in this place.
 E = Time spent auto-exploring this place.
 F = Levels seen in this place.
 G = Mean time per level.
                   A        B        C        D        E       F      G
               +--------+--------+--------+--------+--------+-----+--------+
         Total |   1517 |   1041 |    476 |    187 |      0 |   2 |  758.5 |
       Dungeon |   1517 |   1041 |    476 |    187 |      0 |   2 |  758.5 |
               +--------+--------+--------+--------+--------+-----+--------+

Top non-repeatable levels by time:
     D:1: 1482 daAuts
     D:2: 35 daAuts
